 Dungeon Crawl Stone Soup version 0.21.0-37-g46506fa (webtiles) character file.

10509 garbagetei the Geomancer (level 11, 0/58 HPs)
             Began as a Gargoyle Earth Elementalist on Jan 31, 2018.
             Was a Priest of Vehumet.
             Slain by a two-headed ogre
             ... wielding a +1 great mace of flaming
              (15 damage)
             ... in a volcano.
             The game lasted 00:36:52 (10859 turns).

garbagetei the Geomancer (GrEE)                    Turns: 10859, Time: 00:36:53

Health: 0/58       AC: 18    Str: 11    XL:     11   Next: 63%
Magic:  1/24       EV: 11    Int: 20    God:    Vehumet [***...]
Gold:   583        SH:  0    Dex: 10    Spells: 17/29 levels left

rFire    . . .     SeeInvis .   K - +0 mace
rCold    + . .     Gourm    .   (no shield)
rNeg     + . .     Faith    .   F - +3 leather armour {rC+}
rPois    ∞         Spirit   .   M - +0 helmet
rElec    +         Reflect  .   t - +0 cloak
rCorr    +         Harm     .   (no gloves)
MR       .....                  j - +0 pair of boots
Stlth    +++.......             g - amulet of magic regeneration
HPRegen  0.19/turn              q - ring of resist corrosion
MPRegen  0.44/turn              E - ring of stealth

@: no status effects
A: negative energy resistance 1, electricity resistance, unbreathing,
petrification resistance, rot immunity, AC +8
a: Renounce Religion


You were in a volcano.
You worshipped Vehumet.
Vehumet was most pleased with you.
You were not hungry.

You visited 3 branches of the dungeon, and saw 13 of its levels.
You also visited: Volcano.

You collected 583 gold pieces.

Inventory:

Hand Weapons
 f - a +0 club
 K - a +0 mace (weapon)
Missiles
 b - 167 stones (quivered)
Armour
 c - a +0 robe
 j - a +0 pair of boots (worn)
 t - a +0 cloak (worn)
 F - a +3 leather armour of cold resistance (worn)
 M - a +0 helmet (worn)
 N - a scarf of cloud immunity
Jewellery
 g - an amulet of magic regeneration (around neck)
 o - an uncursed ring of teleportation
 q - a ring of resist corrosion (left hand)
 E - a ring of stealth (right hand)
Wands
 r - a wand of iceblast (9)
 w - a wand of polymorph (33)
 P - a wand of paralysis (18)
Scrolls
 k - 2 scrolls of immolation
 l - 7 scrolls of teleportation
 n - 2 scrolls of fog {unknown}
 s - 2 scrolls of enchant weapon
 y - 3 scrolls of magic mapping {unknown}
 z - 2 scrolls of enchant armour {unknown}
 D - 3 scrolls of identify
 G - 3 scrolls of remove curse
 I - a scroll of summoning {unknown}
 L - 2 scrolls of blinking
Potions
 a - 2 potions of mutation {unknown}
 h - a potion of magic {unknown}
 i - 2 potions of curing {unknown}
 m - 2 potions of heal wounds
 p - 3 potions of invisibility
 u - a potion of flight
 v - 3 potions of resistance
 x - 4 potions of brilliance
 A - 2 potions of agility {unknown}
 B - a potion of degeneration {unknown}
 C - a potion of might {unknown}
 J - a potion of cancellation {unknown}
Books
 e - a book of Geomancy

   Spells                             Type                      Level
   a - Sandblast                      Earth                        1
   b - Passwall                       Transmutation/Earth          2
   c - Stone Arrow                    Conjuration/Earth            3
   d - Petrify                        Transmutation/Earth          4
   e - Lee's Rapid Deconstruction     Earth                        5
 H - a book of Frost

   Spells                             Type                      Level
   a - Freeze                         Ice                          1
   b - Throw Frost                    Conjuration/Ice              2
   c - Ozocubu's Armour               Charms/Ice                   3
   d - Throw Icicle                   Conjuration/Ice              4
   e - Summon Ice Beast               Ice/Summoning                4
Comestibles
 d - 22 rations


   Skills:
 + Level 2.3 Fighting
 + Level 4.5 Armour
 - Level 1.5 Dodging
 - Level 2.1 Stealth
 + Level 9.7 Spellcasting
 * Level 5.9 Conjurations
 + Level 0.8 Transmutations
 + Level 13.7 Earth Magic
 * Level 5.1 Poison Magic


You had 17 spell levels left.
You knew the following spells:

 Your Spells              Type           Power        Failure   Level  Hunger
a - Sandblast             Erth           ######       1%          1    None
b - Passwall              Tmut/Erth      #####.....   1%          2    None
c - Stone Arrow           Conj/Erth      #####.       1%          3    None
d - Lee's Rapid Deconstr  Erth           ######....   1%          5    #####..
e - Sting                 Conj/Pois      ####         1%          1    None


Dungeon Overview and Level Annotations

Branches:
Dungeon (11/15)            Temple (1/1) D:7             Orc (1/2) D:10
   Lair: D:8-11

Altars:
Ashenzari
Cheibriados
Dithmenos
Elyvilon
Fedhas
Gozag
Hepliaklqana
Kikubaaqudgha
Makhleb
Nemelex Xobeh
Okawaru
Qazlal
Ru
Sif Muna
Trog
Uskayaw
Vehumet
Wu Jian
Xom
Yredelemnul
Zin
The Shining One

Shops:
D:6 (   D:9 (

Annotations:
D:10 Snorg


Innate Abilities, Weirdness & Mutations

You are resistant to torment.
Your stone body is resilient. (AC +8)
You are immune to poison.
You resist negative energy. (rN+)
You are resistant to electric shocks. (rElec)
You can survive without breathing.
You are immune to petrification.
You are immune to rotting.


Message History

* * * LOW HITPOINT WARNING * * *
You feel much better.
The hell knight gestures wildly while chanting.
The hell knight blinks!
The two-headed ogre hits you with a great mace of flaming.
The two-headed ogre burns you.
The two-headed ogre hits you with a giant club of flaming.
* * * LOW HITPOINT WARNING * * *
The two-headed ogre burns you.
* * * LOW HITPOINT WARNING * * *
Unknown command.
Casting: Stone Arrow
Confirm with . or Enter, or press ? or * to list all spells.
Aiming: Stone Arrow
Press: ? - help, Shift-Dir - straight line, f - two-headed ogre, p - hell knight
Aim: a two-headed ogre, wielding a great mace of flaming and a giant club of flaming (fast)
The stone arrow hits the two-headed ogre.
The two-headed ogre is moderately wounded.
The two-headed ogre hits you with a great mace of flaming!
You die...

#)# #O# ..≈≈≈§§ #)# .≈≈≈≈≈≈ #.#
.≈§≈§≈§ #.# §≈§≈≈≈§ #.# .≈≈≈§≈≈
#.# #.≈§§§≈≈
########O########.≈≈≈≈≈≈ §
.....§.@.........≈§≈§≈≈≈ §
≈§≈≈§≈§≈§≈≈≈§§≈§≈≈≈.≈≈≈§≈§§≈≈≈
§§§≈≈≈§§§≈≈§≈≈§≈§≈≈≈≈≈≈≈≈§≈≈≈§≈≈≈
≈≈§≈≈≈§≈§§≈≈≈≈§§§≈≈§≈≈≈≈≈≈§§≈§§≈§
≈≈§≈≈≈≈≈≈≈§≈≈≈≈§≈≈≈§≈§≈≈≈§≈§≈§≈≈§
≈≈≈§≈≈§≈≈≈§≈≈≈≈≈≈§≈≈≈§§§≈≈§§≈§≈§.
≈≈§≈≈≈≈§≈≈§.p..≈§§≈≈≈≈≈≈≈≈§§≈≈≈..
≈≈.≈§≈≈.≈........§≈≈≈≈≈≈§≈≈...§..
.....§...........................


You could see a two-headed ogre and an ogre mage.

Vanquished Creatures
  4 two-headed ogres
  2 gargoyles (D:10)
  2 hornets
  A vampire (D:10)
  A fire bat (Volcano)
  A wyvern (D:10)
  6 yaks
  3 hogs
  A human (D:8)
  Eustachio (D:6)
  2 hungry ghosts (D:10)
  A water moccasin (D:8)
  2 orc warriors (D:10)
  4 ice beasts
  5 sky beasts
  2 phantoms
  An eye of draining (D:10)
  2 black bears (D:9)
  2 ogres
  6 centaurs
  A big kobold (D:10)
  4 bullfrogs
  A gnoll sergeant (D:9)
  A water moccasin skeleton (D:9)
  5 killer bees
  3 wights (D:10)
  2 howler monkeys (D:9)
  A centaur zombie (D:6)
  6 crimson imps
  3 jellies
  5 lava snakes (Volcano)
  2 hounds
  A bullfrog zombie (D:5)
  5 iguanas
  3 orc priests
  Crazy Yiuf (D:6)
  6 orc wizards
  6 bullfrog skeletons
  5 worker ants
  2 hound zombies
  A hound skeleton (D:9)
  5 gnolls
  A howler monkey skeleton (D:5)
  12 adders
  A shadow imp (D:5)
  3 oozes
  A worm (D:6)
  4 dart slugs
  A leopard gecko (D:3)
  30 orcs
  6 giant cockroaches
  6 goblins
  9 hobgoblins
  16 jackals
  11 kobolds
  5 quokkas
  A ball python (D:6)
  8 bats
  6 frilled lizards
  A giant cockroach zombie (D:6)
  2 jackal skeletons
  A quokka zombie (D:5)
  9 rats
252 creatures vanquished.

Notes
Turn   | Place    | Note
-------+----------+-------------------------------------------
     0 | D:1      | garbagetei the Gargoyle Earth Elementalist began the quest for the Orb.
     0 | D:1      | Reached XP level 1. HP: 10/10 MP: 3/3
    64 | D:1      | Reached skill level 4 in Earth Magic
    89 | D:1      | Reached XP level 2. HP: 11/15 MP: 0/5
   329 | D:1      | Reached XP level 3. HP: 19/19 MP: 2/6
   839 | D:2      | You fall through a shaft for 2 floors!
   998 | D:4      | Reached skill level 5 in Earth Magic
  1222 | D:4      | Reached skill level 1 in Armour
  1222 | D:4      | Reached XP level 4. HP: 24/24 MP: 3/8
  1226 | D:4      | Learned a level 2 spell: Passwall
  1230 | D:4      | Learned a level 3 spell: Stone Arrow
  1957 | D:4      | Reached XP level 5. HP: 27/28 MP: 6/9
  2017 | D:3      | Reached skill level 6 in Earth Magic
  2121 | D:3      | Reached XP level 6. HP: 19/32 MP: 7/11
  2140 | D:3      | Reached skill level 7 in Earth Magic
  3196 | D:2      | Reached XP level 7. HP: 35/36 MP: 10/12
  3509 | D:5      | Entered Level 5 of the Dungeon
  3641 | D:5      | Reached skill level 8 in Earth Magic
  3820 | D:5      | Found a stormy altar of Qazlal.
  4485 | D:6      | Noticed Eustachio
  4645 | D:6      | Reached skill level 9 in Earth Magic
  4645 | D:6      | Reached XP level 8. HP: 15/42 MP: 0/14
  5062 | D:6      | Found Ajekiovvao's Antique Weapon Emporium.
  5088 | D:6      | Reached skill level 1 in Fighting
  5216 | D:6      | Killed Eustachio
  5216 | D:6      | Reached skill level 5 in Spellcasting
  5374 | D:6      | Reached skill level 1 in Conjurations
  5584 | D:6      | Found a runed door.
  5742 | D:6      | Noticed Crazy Yiuf
  5744 | D:6      | Killed Crazy Yiuf
  5846 | D:7      | Found a staircase to the Ecumenical Temple.
  5855 | Temple   | Entered the Ecumenical Temple
  5990 | Temple   | Became a worshipper of Vehumet
  6099 | D:7      | Reached skill level 10 in Earth Magic
  6526 | D:8      | Reached XP level 9. HP: 48/48 MP: 12/17
  6538 | D:8      | Found a bloodstained altar of Trog.
  6677 | D:8      | Noticed a hornet
  6798 | D:8      | Reached skill level 11 in Earth Magic
  7814 | D:9      | Learned a level 5 spell: Lee's Rapid Deconstruction
  7832 | D:9      | Reached skill level 12 in Earth Magic
  7882 | D:8      | Killed a hornet
  7957 | D:9      | Found Nahupev's Weapon Boutique.
  7969 | D:8      | Reached XP level 10. HP: 53/53 MP: 18/20
  7989 | D:9      | Reached * piety under Vehumet
  7989 | D:9      | Offered knowledge of Sting by Vehumet.
  8011 | D:9      | Learned a level 1 spell: Sting
  8147 | D:9      | Reached skill level 1 in Poison Magic
  8580 | D:9      | Found a stormy altar of Qazlal.
  8937 | D:10     | Entered Level 10 of the Dungeon
  8937 | D:10     | Noticed a gargoyle
  9354 | D:10     | Reached ** piety under Vehumet
  9354 | D:10     | Offered knowledge of Shock by Vehumet.
  9527 | D:10     | Found a shattered altar of Ashenzari.
  9533 | D:10     | Killed a gargoyle
  9633 | D:10     | Reached skill level 13 in Earth Magic
  9647 | D:10     | Noticed Snorg
  9804 | D:10     | Reached XP level 11. HP: 42/57 MP: 21/23
  9896 | D:10     | Noticed a two-headed ogre
  9901 | D:10     | Killed a two-headed ogre
  9901 | D:10     | Reached skill level 5 in Conjurations
  9985 | D:10     | Found a glowing golden altar of the Shining One.
 10143 | D:10     | Offered knowledge of Static Discharge by Vehumet.
 10203 | D:10     | Found a staircase to the Orcish Mines.
 10290 | Orc:1    | Entered Level 1 of the Orcish Mines
 10374 | D:10     | Reached *** piety under Vehumet
 10461 | Orc:1    | Found a dark tunnel.
 10470 | Volcano  | Entered a volcano
 10832 | Volcano  | Found a burning altar of Makhleb.
 10832 | Volcano  | Noticed a two-headed ogre
 10832 | Volcano  | Noticed an ogre mage
 10832 | Volcano  | Noticed a two-headed ogre
 10832 | Volcano  | Noticed a two-headed ogre
 10838 | Volcano  | Killed a two-headed ogre
 10838 | Volcano  | Killed a two-headed ogre
 10839 | Volcano  | Killed a two-headed ogre
 10839 | Volcano  | Reached skill level 5 in Poison Magic
 10841 | Volcano  | Noticed a hell knight
 10842 | Volcano  | Noticed a two-headed ogre
 10857 | Volcano  | HP: 1/58 [two-headed ogre/great mace of flaming (2)]
 10859 | Volcano  | Slain by a two-headed ogre

Skill      XL: |  1  2  3  4  5  6  7  8  9 10 11 |
---------------+----------------------------------+-----
Earth Magic    | 4 5 6 7 9 10 12 13 | 13.7
Armour         | 1 2 3 4 |  4.5
Spellcasting   | 3 4 5 7 8 9 |  9.7
Fighting       | 1 2 |  2.3
Conjurations   | 1 3 4 5 |  5.9
Poison Magic   | 4 5 |  5.1
Dodging        | |  1.5
Stealth        | |  2.1
Transmutations | |  0.8

Action                   |  1- 3 |  4- 6 |  7- 9 | 10-12 || total
-------------------------+-------+-------+-------+-------++-------
Melee: Unarmed           |    15 |       |       |       ||    15
       Club              |    14 |    72 |   141 |       ||   227
       Mace              |       |       |    39 |    44 ||    83
 Cast: Sandblast         |    35 |    75 |    91 |   114 ||   315
       Stone Arrow       |       |       |    41 |    65 ||   106
       Passwall          |       |       |     1 |       ||     1
       Lee's Rapid Decon |       |       |     4 |     7 ||    11
       Sting             |       |       |       |     6 ||     6
Evoke: Wand              |       |       |       |     3 ||     3
  Use: Scroll            |     7 |       |     9 |       ||    16
       Potion            |       |       |       |     2 ||     2
 Stab: Distracted        |       |       |     1 |       ||     1
       Sleeping          |       |       |     1 |       ||     1
  Eat: Chunk             |     1 |     7 |    10 |    13 ||    31
       Ration            |       |       |     2 |     1 ||     3
Armor: Robe              |     8 |       |       |       ||     8
       Leather armour    |    11 |    62 |   165 |    88 ||   326
Dodge: Dodged            |    40 |    95 |   180 |    91 ||   406
